 Dungeon Crawl Stone Soup version 0.27.1-34-g3ba077fa99 (webtiles) character file.

Game seed: 12573681165376156175

12903 Flarelocke the Grappler (level 11, -2/98 HPs)
             Began as a Troll Fighter on Jan 11, 2022.
             Was an Elder of Hepliaklqana.
             Slain by a quicksilver ooze (19 damage)
             ... in an ice cave.
             The game lasted 00:31:35 (8310 turns).

Flarelocke the Grappler (Troll Fighter)             Turns: 8310, Time: 00:31:35

Health: -2/98      AC: 11    Str: 34    XL:     11   Next: 68%
Magic:  0/14       EV: 11    Int:  6    God:    Hepliaklqana [****..]
Gold:   422        SH: 11    Dex: 10    Spells: 10/10 levels left

rFire    . . .     SeeInvis +     - Unarmed
rCold    + + +     Faith    .   b - +0 kite shield
rNeg     . . .     Spirit   .   D - +4 skin of Zhor {*Englaciate rC+++ SInv}
rPois    +         Reflect  .   (helmet restricted)
rElec    .         Harm     .   w - +2 cloak {rPois}
rCorr    +         Rampage  .   (gloves unavailable)
Will     .....                  (boots unavailable)
Stlth    +.........             n - amulet of regeneration
HPRegen  2.26/turn              f - ring of see invisible
MPRegen  0.14/turn              j - ring of Zaerik {rPois rCorr Str+6 Int+2 Slay+3}

@: no status effects
A: reduced essence, large, unfitting armour, claws 3, regeneration 1, shaggy fur
1, tough skin 1
a: Renounce Religion, Recall Ancestor, Ancestor Identity, Transference, Idealise


You were in an ice cave.
You worshipped Hepliaklqana.
Hepliaklqana was greatly pleased with you.
You visited 2 branches of the dungeon, and saw 13 of its levels.
You also visited: Ice Cave.

You collected 686 gold pieces.
You spent 264 gold pieces at shops.

Inventory:

Missiles
 z - 3 throwing nets (quivered)
 A - 3 javelins
Armour
 b - a +0 kite shield (worn)
 w - a +2 cloak of poison resistance (worn)
 D - the +4 skin of Zhor (worn) {*Englaciate rC+++ SInv}
   (You found it on level 8 of the Dungeon)

   It radiates cold, occasionally slowing all nearby creatures who are not
   resistant to cold.
   rC:        It renders you almost immune to cold.
   SInv:      It lets you see invisible.
Jewellery
 f - a ring of see invisible (left claw)
 j - the ring of Zaerik (right claw) {rPois rCorr Str+6 Int+2 Slay+3}
   (You found it on level 11 of the Dungeon)

   [ring of strength]

   Str:       It affects your strength (+6).
   Int:       It affects your intelligence (+2).
   Slay:      It affects your accuracy & damage with ranged weapons and melee
   (+3).
   rPois:     It protects you from poison.
   rCorr:     It protects you from acid and corrosion.
 n - an amulet of regeneration (around neck)
 q - a ring of ice
 s - a +6 ring of intelligence
 B - a +6 ring of strength
 C - a ring of wizardry
 E - an amulet of the acrobat
 F - a ring of fire
Wands
 a - a wand of iceblast (11)
Scrolls
 e - 3 scrolls of enchant armour
 g - a scroll of summoning {unknown}
 k - 5 scrolls of enchant weapon
 o - 2 scrolls of teleportation
 r - a scroll of blinking {unknown}
 t - a scroll of fog {unknown}
 u - 2 scrolls of fear
 y - a scroll of brand weapon {unknown}
 G - a scroll of acquirement {unknown}
Potions
 c - 4 potions of might
 d - 2 potions of heal wounds
 h - 3 potions of haste
 i - 3 potions of lignification
 m - 4 potions of flight
 p - a potion of berserk rage {unknown}
 v - 4 potions of curing
 x - a potion of magic {unknown}


   Skills:
 + Level 7.3 Fighting
 + Level 4.9 Armour
 + Level 7.3 Dodging
 + Level 7.3 Shields
 + Level 8.5 Unarmed Combat
 + Level 6.6 Invocations


You had 10 spell levels left.
You didn't know any spells.
Your spell library contained the following spells:

 Spells                   Type           Power      Damage    Failure   Level
 Magic Dart               Conj           0%         1d3       56%         1
 Call Imp                 Summ           0%         N/A       71%         2
 Corpse Rot               Necr/Air       N/A        N/A       71%         2
 Slow                     Hex            0%         N/A       71%         2
 Sublimation of Blood     Necr           0%         N/A       71%         2
 Wereblood                Tmut           0%         N/A       71%         2
 Confusing Touch          Hex            0%         N/A       91%         3
 Mephitic Cloud           Conj/Pois/Air  0%         N/A       91%         3
 Stone Arrow              Conj/Erth      0%         3d7       91%         3
 Summon Guardian Golem    Hex/Summ       0%         N/A       91%         3
 Vampiric Draining        Necr           0%         2d6       91%         3
 Animate Dead             Necr           0%         N/A       100%        4
 Dispel Undead            Necr           0%         3d6       100%        4
 Bolt of Magma            Conj/Fire/Erth 0%         4d4       100%        5
 Borgnjor's Vile Clutch   Necr/Erth      0%         N/A       100%        5
 Conjure Ball Lightning   Conj/Air       0%         3x3d6     100%        6
 Death Channel            Necr           0%         N/A       100%        6
 Orb of Destruction       Conj           0%         N/A       100%        7
 Spellforged Servitor     Conj/Summ      0%         N/A       100%        7
 Summon Hydra             Summ           0%         N/A       100%        7
 Discord                  Hex            0%         N/A       100%        8
 Disjunction              Tloc           0%         N/A       100%        8
 Shatter                  Erth           0%         3d5*      100%        9


Dungeon Overview and Level Annotations

Branches:
Dungeon (12/15)            Temple (1/1) D:7            Lair (0/6) D:10
    Orc (0/2) D:9           IceCv (1/1)

Altars:
Ashenzari
Cheibriados
Dithmenos
Elyvilon
Fedhas
Gozag
Hepliaklqana
Kikubaaqudgha
Makhleb
Nemelex Xobeh
Okawaru
Qazlal
Ru
Sif Muna
Trog
Uskayaw
Vehumet
Wu Jian
Xom
Yredelemnul
Zin
The Shining One

Shops:
D:2 ?(?   D:6 *[


Innate Abilities, Weirdness & Mutations

Your life essence is reduced to manifest your ancestor. (-10% HP)
You are too large for most types of armour.
You have claws for hands.
Your natural rate of healing is unusually fast.
You are covered in fur. (AC +1)
You have tough skin. (AC +1)


Message History

You block the quicksilver ooze's attack.
The quicksilver ooze hits you but does no damage.
The quicksilver ooze closely misses you.
The quicksilver ooze hits you but does no damage.
You scratch the quicksilver ooze but do no damage.
The quicksilver ooze is lightly wounded.
The quicksilver ooze hits you.
The quicksilver ooze hits you but does no damage.
You barely miss the quicksilver ooze.
The quicksilver ooze is lightly wounded.
You radiate an aura of cold.
The quicksilver ooze resists.
The quicksilver ooze closely misses you.
The quicksilver ooze hits you but does no damage.
The quicksilver ooze hits you! The quicksilver ooze engulfs you!
The quicksilver ooze hits you.
You feel your power leaking away.
You closely miss the quicksilver ooze.
The quicksilver ooze is lightly wounded.
Your lungs strain for air!
The quicksilver ooze hits you! The quicksilver ooze hits you.
You feel your power leaking away.
You mangle the quicksilver ooze!!
The quicksilver ooze is severely wounded.
Your lungs strain for air!
The quicksilver ooze hits you!! The quicksilver ooze hits you!
You block the quicksilver ooze's attack.
The quicksilver ooze hits you.
You scratch the quicksilver ooze.
The quicksilver ooze is heavily wounded.
Your lungs strain for air!
The quicksilver ooze hits you!!
* * * LOW HITPOINT WARNING * * *
The quicksilver ooze barely misses you.
You slip free of the ooze engulfing you.
You gasp with relief as air once again reaches your lungs.
You mangle the quicksilver ooze!!
The quicksilver ooze is almost dead.
You block the quicksilver ooze's attack. x2
The quicksilver ooze hits you!!
You die...

#.. ..
#.## #..#
#..# ###
#.####.##
#..##...#
#.@...∩∩#
#.J##...#
##.####.##
#..# ###
##..#
#..## #..#
#..# #..##


You could see a quicksilver ooze.

Vanquished Creatures
  Fannar (D:11)
  Harold (D:7)
  A boulder beetle (D:11)
  An ogre mage (D:10)
  A two-headed ogre (D:10)
  A cyclops (D:10)
  Maggie (D:7)
  A komodo dragon (D:10)
  3 rime drakes
  A kobold demonologist (D:11)
  3 trolls
  A wyvern (D:9)
  3 wraiths (D:11)
  A vampire (D:11)
  An acid dragon (D:8)
  4 water moccasins
  2 ice beasts
  A hornet zombie (D:6)
  5 orc warriors
  An ugly thing simulacrum (IceCv)
  A sky beast (D:7)
  A necrophage (D:7)
  4 ogres
  4 centaurs
  A phantom (D:5)
  3 bullfrogs
  3 scorpions
  11 killer bees (D:9)
  4 wights (D:8)
  2 howler monkeys
  2 electric eels (D:11)
  2 centaur zombies
  2 hounds
  7 orc priests
  A centaur skeleton (D:5)
  A gnoll shaman (D:8)
  A jelly (D:7)
  A scorpion zombie (D:3)
  6 orc wizards
  A hound skeleton (D:5)
  3 howler monkey zombies (D:8)
  4 gnolls
  5 adders
  A shadow imp (D:4)
  A white imp (D:5)
  An adder skeleton (D:4)
  4 dart slugs
  46 orcs
  5 bats
  An endoplasm (D:1)
  4 giant cockroaches
  6 goblins
  8 hobgoblins
  9 kobolds
  7 quokkas
  9 ball pythons
  A ball python skeleton (D:3)
  6 frilled lizards
  6 rats
219 creatures vanquished.

Vanquished Creatures (collateral kills)
  Josephine (D:11)
  A wraith (D:9)
  An acid dragon (D:11)
  A sky beast (D:6)
  A phantom (D:6)
  A wyvern skeleton (D:7)
  5 killer bees (D:9)
  A wight (D:8)
  2 centaur zombies
  2 hounds (D:6)
  A bullfrog skeleton (D:6)
  An orc priest (D:8)
  An iguana (D:5)
  An orc wizard (D:11)
  2 gnolls
  9 orcs
  A goblin (D:3)
32 creatures vanquished.

Vanquished Creatures (others)
  2 hexers
  A plant (D:11)
3 creatures vanquished.

Grand Total: 254 creatures vanquished

Notes
Turn   | Place    | Note
-------+----------+-------------------------------------------
     0 | D:1      | Flarelocke the Troll Fighter began the quest for the Orb.
     0 | D:1      | Reached XP level 1. HP: 22/22 MP: 0/0
    66 | D:1      | Reached XP level 2. HP: 25/29 MP: 1/1
   157 | D:1      | Reached XP level 3. HP: 21/36 MP: 2/2
   172 | D:1      | Found a faded altar of an unknown god.
   396 | D:2      | Found Ogosesm's Weapon Shop.
   430 | D:2      | Found Ecvastra's Magic Scroll Shop.
   437 | D:2      | Bought a scroll of identify for 24 gold pieces
   570 | D:2      | Found Kuofabb's Magic Scroll Boutique.
  1209 | D:3      | Reached XP level 4. HP: 40/44 MP: 3/3
  1362 | D:3      | Found a hazy altar of Hepliaklqana.
  1373 | D:3      | Became a worshipper of Hepliaklqana the Forgotten
  1398 | D:3      | Reached skill level 3 in Unarmed Combat
  1669 | D:3      | You fall into a shaft and drop 3 floors!
  1669 | D:6      | Noticed an ice beast
  1676 | D:5      | Entered Level 5 of the Dungeon
  1865 | D:5      | Noticed a phantom
  1901 | D:5      | Killed a phantom
  1902 | D:5      | Reached XP level 5. HP: 51/53 MP: 4/4
  2104 | D:4      | Reached * piety under Hepliaklqana
  2423 | D:4      | Noticed an ogre
  2429 | D:4      | Killed an ogre
  2430 | D:4      | Reached XP level 6. HP: 39/54 MP: 5/5
  2706 | D:4      | Reached skill level 4 in Unarmed Combat
  3128 | D:5      | Reached XP level 7. HP: 61/61 MP: 6/6
  3259 | D:5      | Reached skill level 1 in Invocations
  3403 | D:5      | Found a shadowy altar of Dithmenos.
  3580 | D:5      | Reached ** piety under Hepliaklqana
  3718 | D:5      | Remembered your ancestor Esmond as a hexer
  3745 | D:6      | Found Haydeoki's Armour Emporium.
  3748 | D:6      | Identified the +3 buckler "Usoq Ditz" {Rampage Will+
                  | Stlth+}
  3755 | D:6      | Bought a +2 cloak of poison resistance for 240 gold pieces
  3787 | D:6      | Reached XP level 8. HP: 63/71 MP: 8/8
  3867 | D:6      | Found a glowing golden altar of the Shining One.
  3919 | D:6      | Reached skill level 5 in Unarmed Combat
  3974 | D:6      | Found Gfiph's Goods Gallery.
  4230 | D:6      | Reached skill level 5 in Fighting
  4230 | D:6      | Reached skill level 5 in Dodging
  4230 | D:6      | Reached skill level 5 in Shields
  4411 | D:7      | Found a staircase to the Ecumenical Temple.
  4426 | Temple   | Entered the Ecumenical Temple
  4665 | D:7      | Noticed Maggie
  4676 | D:7      | Killed Maggie
  4677 | D:7      | Reached XP level 9. HP: 31/79 MP: 10/10
  4800 | D:7      | Reached skill level 6 in Unarmed Combat
  4840 | D:7      | Noticed Harold
  4853 | D:7      | Killed Harold
  4854 | D:7      | Reached skill level 1 in Armour
  5309 | D:8      | Reached *** piety under Hepliaklqana
  5329 | D:7      | HP: 3/80 [orc warrior (13)]
  5489 | D:8      | Reached XP level 10. HP: 85/88 MP: 12/12
  5581 | D:8      | Found the +4 skin of Zhor {*Englaciate rC+++ SInv}
  5838 | D:9      | Reached skill level 7 in Unarmed Combat
  5840 | D:9      | Reached skill level 5 in Invocations
  6145 | D:9      | Found a staircase to the Orcish Mines.
  6548 | D:10     | Entered Level 10 of the Dungeon
  6577 | D:10     | Noticed an ogre mage
  6577 | D:10     | Noticed a cyclops
  6580 | D:10     | Paralysed by an ogre mage for 5 turns
  6589 | D:10     | Killed an ogre mage
  6594 | D:10     | Killed a cyclops
  6615 | D:10     | Identified the +0 plate armour of the Planets {+Inv rN+}
  6616 | D:10     | Identified the +7 dagger of Courage {vamp, +Rage rF- Will+}
  6662 | D:10     | Found a glowing silver altar of Zin.
  6663 | D:10     | Found an ornate altar of the Wu Jian Council.
  6668 | D:10     | Noticed a two-headed ogre
  6675 | D:10     | Killed a two-headed ogre
  6769 | D:10     | Reached **** piety under Hepliaklqana
  6815 | D:10     | Reached XP level 11. HP: 92/96 MP: 14/14
  6888 | D:10     | Found a staircase to the Lair.
  7151 | D:10     | Found a white marble altar of Elyvilon.
  7458 | D:11     | Identified the ring of Zaerik {rPois rCorr Str+6 Int+2
                  | Slay+3}
  7538 | D:11     | Noticed a boulder beetle
  7550 | D:11     | Killed a boulder beetle
  7551 | D:11     | Reached skill level 8 in Unarmed Combat
  7651 | D:11     | Noticed Fannar
  7662 | D:11     | Killed Fannar
  7682 | D:11     | Noticed Josephine
  7689 | D:11     | Killed Josephine
  8250 | D:12     | Found a frozen archway.
  8268 | IceCv    | Entered an ice cave
  8293 | IceCv    | Noticed a quicksilver ooze
  8310 | IceCv    | Slain by a quicksilver ooze

Illustrated notes

Levels and vault maps discovered:
D:1:      tarquinn_simple_flora_water_f, layout_rooms,
          hellmonk_ecumenical_altar_pennies_from_heaven, minmay_tiny_reverse_x
D:2:      layout_loops_cross, serial_shops, shop, shop, shop
D:3:      minmay_inner_zag, layout_basic, mainiacjoe_overflow_tiny_flanked,
          serial_undead, serial_undead_f, serial_undead_d, serial_undead_e,
          serial_undead_c, grunt_ministairs_3, glass_columns_b,
          hangedman_glass_teeth, chequers_mini_garden
D:4:      layout_loops_corners
D:5:      kennysheep_spiral_hall, layout_basic,
          nicolae_dithmenos_through_a_glass_darkly
D:6:      layout_cave_pools, nicolae_tso_swordbearing_angel, serial_shops,
          nicolae_shop_trees, nicolae_alphabet_shops
D:7:      layout_basic, minmay_temple_entry_proselytizer, uniq_harold,
          uniq_maggie
D:8:      layout_rooms, hellmonk_guarded_unrand_zhor
D:9:      layout_loops_ring, hiddenorc2_lemuel
D:10:     layout_cave_pods, elyvilon_altar_3, mainiacjoe_overflow_divided_tiny,
          lair_entry_dummy, minmay_radiant
D:11:     layout_loops_ring, serial_bayou, serial_bayou_pond_e,
          serial_bayou_shore_a, serial_bayou_ford_a, serial_bayou_pond_a,
          minmay_diced_spiral, uniq_josephine, uniq_fannar
D:12:     layout_loops_cross, portal_ice_cave_rime, uniq_frances
Temple:   regret_index_temple_sphere_string
IceCv:    ice_cave_hellmonk_azure_passage

Skill      XL: |  1  2  3  4  5  6  7  8  9 10 11 |
---------------+----------------------------------+-----
Shields        | 3 4 5 6 7 |  7.3
Dodging        | 3 4 5 6 7 |  7.3
Fighting       | 3 4 5 6 7 |  7.3
Unarmed Combat | 3 4 5 6 7 8 |  8.5
Invocations    | 2 3 4 5 6 |  6.6
Armour         | 2 4 |  4.9

Action                   |  1- 3 |  4- 6 |  7- 9 | 10-12 || total
-------------------------+-------+-------+-------+-------++-------
Melee: Unarmed           |   101 |   162 |   200 |   280 ||   743
Invok: Ancestor Life: He |       |       |     1 |       ||     1
       Recall Ancestor   |       |       |     1 |       ||     1
  Use: Scroll            |       |       |     3 |     9 ||    12
 Stab: Confused          |       |       |     1 |     7 ||     8
       Distracted        |       |       |     2 |     2 ||     4
Armor: Robe              |    41 |    39 |    25 |       ||   105
       Steam dragon scal |       |       |    28 |     1 ||    29
       Animal skin       |       |       |       |    52 ||    52
Dodge: Dodged            |    32 |    43 |    72 |    62 ||   209
Block: Kite shield       |    45 |    59 |   104 |   139 ||   347
